 Dungeon Crawl Stone Soup version 0.30.1 (webtiles) character file.

Game seed: 17552948118529464654

25155 LynnLen the Unseen (level 12, -10/56 HPs)
             Began as a Spriggan Enchanter on July 11, 2023.
             Was a High Priest of Dithmenos.
             Mangled by a death yak simulacrum (22 damage)
             ... on level 3 of the Lair of Beasts.
             The game lasted 00:47:44 (16684 turns).

LynnLen the Unseen (Spriggan Enchanter)            Turns: 16684, Time: 00:47:44

Health: -10/56     AC: 11    Str:  4    XL:     12   Next: 87%
Magic:  22/22      EV: 26    Int: 21    God:    Dithmenos [*****.]
Gold:   825        SH:  5    Dex: 22    Spells: 7/23 levels left

rFire   . . .        t - +6 dagger
rCold   . . .        (no shield)
rNeg    . . .        N - +0 acid dragon scales
rPois   .            y - +2 hat
rElec   .            P - +2 cloak
rCorr   +            (gloves unavailable)
SInv    +            (boots unavailable)
Will    ++...        E - amulet of reflection
Stlth   ++++++++++   I - +5 ring of evasion
HPRegen 0.29/turn    F - +6 ring of dexterity
MPRegen 0.18/turn

%: reflection
@: wreathed by umbra, very quick
A: very small, no large weapons, unfitting armour, see invisible, speed 3
a: Renounce Religion, Shadow Step, Shadow Form


You were on level 3 of the Lair of Beasts.
You worshipped Dithmenos.
Dithmenos was extremely pleased with you.
You visited 2 branches of the dungeon, and saw 14 of its levels.
You also visited: Ossuary, Bailey and Volcano.

You collected 945 gold pieces.
You spent 120 gold pieces at shops.

Inventory:

Hand Weapons
 d - a +3 dagger
 t - a +6 dagger (weapon)
 B - a +3 dagger
Missiles
 L - 9 poisoned darts (quivered)
Armour
 y - a +2 hat (worn)
 N - +0 acid dragon scales (worn)
 P - a +2 cloak (worn)
Jewellery
 e - an amulet of faith
 k - a +6 ring of strength
 v - a ring of protection from cold
 E - an amulet of reflection (around neck)
 F - a +6 ring of dexterity (right hand)
 I - a +5 ring of evasion (left hand)
Wands
 j - a wand of flame (33)
 o - a wand of roots (23)
 G - a wand of digging (17)
 H - a wand of mindburst (16)
Scrolls
 b - 3 scrolls of blinking
 g - 2 scrolls of vulnerability
 h - 2 scrolls of amnesia
 l - 2 scrolls of fear
 p - 4 scrolls of immolation
 q - 2 scrolls of magic mapping
 s - 4 scrolls of teleportation
 x - 2 scrolls of torment
 A - 2 scrolls of fog
 C - a scroll of poison
Potions
 a - 2 potions of lignification
 c - 2 potions of heal wounds
 f - 6 potions of curing
 i - 3 potions of flight
 m - 5 potions of attraction
 n - 4 potions of mutation
 r - a potion of invisibility
 u - 5 potions of might
 w - 2 potions of ambrosia {unknown}
 z - a potion of magic
 D - 2 potions of berserk rage
 J - a potion of brilliance
 K - 2 potions of haste {unknown}
 M - a potion of resistance
 O - a potion of cancellation {unknown}


   Skills:
 + Level 3.4 Fighting
 - Level 10.0 Short Blades
 * Level 8.8 Dodging
 + Level 16.5 Stealth
 + Level 6.1 Spellcasting
 + Level 11.4 Hexes
 * Level 5.1 Summonings
 - Level 4.8 Ice Magic
 + Level 3.4 Air Magic
 + Level 4.3 Invocations
 + Level 5.7 Evocations


You had 7 spell levels left.
You knew the following spells:

 Your Spells              Type           Power      Damage    Failure   Level
a - Ensorcelled Hibernat  Hex/Ice        80%        N/A       1%          2
b - Confusing Touch       Hex            53%        N/A       1%          3
c - Tukima's Dance        Hex            53%        N/A       1%          3
d - Summon Small Mammal   Summ           100%       N/A       3%          1
e - Summon Guardian Gole  Hex/Summ       41%        N/A       2%          3
f - Summon Lightning Spi  Summ/Air       24%        N/A       38%         4

Your spell library contained the following spells:

 Spells                   Type           Power      Damage    Failure   Level
 Dazzling Flash           Conj/Hex       60%        N/A       7%          3
 Swiftness                Air            21%        N/A       17%         3
 Leda's Liquefaction      Hex/Erth       15%        N/A       22%         4
 Beastly Appendage        Tmut           12%        N/A       24%         1
 Sandblast                Erth           12%        2d6       24%         1
 Hailstorm                Conj/Ice       16%        3d6       26%         3
 Passwall                 Tmut/Erth      5%         N/A       34%         2
 Wereblood                Tmut           6%         N/A       34%         2
 Yara's Violent Unravell  Hex/Tmut       15%        3d8       52%         5
 Ignite Poison            Fire/Tmut/Pois 6%         N/A       56%         3
 Spider Form              Tmut/Pois      6%         N/A       56%         3
 Stone Arrow              Conj/Erth      12%        3d7       56%         3
 Ice Form                 Ice/Tmut       16%        N/A       65%         4
 Passage of Golubria      Tloc           6%         N/A       93%         4
 Sticky Flame             Conj/Fire      6%         2d3       93%         4
 Lee's Rapid Deconstruct  Erth           3%         3d5*      100%        5
 Simulacrum               Ice/Necr       8%         N/A       100%        6
 Statue Form              Tmut/Erth      4%         N/A       100%        6
 Storm Form               Tmut/Air       6%         N/A       100%        7
 Ignition                 Fire           3%         3d4       100%        8
 Maxwell's Capacitive Co  Air            10%        ∞         100%        8


Dungeon Overview and Level Annotations

Branches:
Dungeon (11/15)            Temple (0/1) D:6            Lair (3/5) D:11
 Spider (0/4) Lair:2          Orc (0/2) D:9         Ossuary (visited)
 Bailey (visited)         Volcano (visited)
  Swamp: Lair:2-3    Shoals: Lair:2-3

Altars:
Dithmenos
Elyvilon
Gozag
Hepliaklqana
Kikubaaqudgha
Makhleb
Nemelex Xobeh
Qazlal
Sif Muna
Trog
Uskayaw
Vehumet
Yredelemnul

Shops:
D:4 :

Portals:
Ice
Cave: Lair:3

Annotations:
Lair:3 3 runed translucent doors, BillyBaka's ghost, journeyman VSMo


Innate Abilities, Weirdness & Mutations

You are very small and have problems with some larger weapons.
You are too small for most types of armour.
You have supernaturally acute eyesight. (SInv)
You cover ground extremely quickly. (Speed+++)


Message History

You feel very sick.
The black mamba bites you but does no damage.
You closely miss the black mamba.
The black mamba is severely wounded.
You feel sick. The black mamba completely misses you.
You hit the black mamba.
The black mamba is almost dead.
You feel sick.
You closely miss the black mamba.
The black mamba is almost dead.
Your shadow hits the black mamba with a dagger.
You kill the black mamba!
Dithmenos accepts your kill.
You feel sick.
Your life force feels restored.
You feel very sick.
You feel sick.
You feel sick.
You feel sick.
You feel sick.
You feel sick.
You feel sick.
You feel sick.
You feel sick.
You are no longer poisoned.
You hear the faint crackling of a melting archway very nearby.
You hear the faint crackling of a melting archway very nearby.
Found a stone staircase leading up.
Found an escape hatch in the ceiling and a frozen archway.
A death yak simulacrum comes into view.
You see here the +8 trident of Ash {holy, *Rage rCorr Str+2 Int+4}.
Found a potion of attraction.
A rime drake comes into view.
Found 14 gold pieces.
The death yak simulacrum gores you! The death yak simulacrum freezes you!
You hit the death yak simulacrum but do no damage.
The death yak simulacrum gores you!
* * * LOW HITPOINT WARNING * * *
The death yak simulacrum freezes you!!
You die...

.##.....#.....##
...P
#.....##.....## ..
......#.)....#
....##.......#
.!..#.....<..##
..#...........###.
#.................
....##............
..#. #.<..@.∩.k.$.
. . ##....Z....##
. ............##
#.........#..#
##.......## ##
#P.......
#.........#
##.......##
#.......#


You could see a rime drake and a death yak simulacrum.

Vanquished Creatures
  A red draconian (Volcano)
  Harold (Lair:1)
  A hydra (Lair:1)
  7 two-headed ogres
  An ogre mage (Volcano)
  A deep elf pyromancer (D:11)
  An orc knight (Bailey)
  A cyclops (D:9)
  A manticore (D:11)
  Joseph (D:7)
  An elephant (D:11)
  3 black mambas
  An unseen horror (D:11)
  2 cane toads
  Maggie (D:6)
  A rime drake (Lair:2)
  4 komodo dragons
  A merfolk (D:9)
  A troll (D:10)
  2 hornets
  Prince Ribbit (D:6)
  Sigmund (D:4)
  A shadow (D:11)
  A wraith (Ossuary)
  24 yaks
  A basilisk (D:11)
  A wyvern (D:11)
  A human (D:9)
  A vampire (D:11)
  4 vampire mosquitoes (D:11)
  A warg (D:9)
  Edmund (D:6)
  An acid dragon (D:10)
  7 water moccasins
  8 orc warriors
  3 sky beasts
  3 black bears
  3 centaurs
  5 wolves (Lair:1)
  A phantom (D:4)
  4 bullfrogs
  A gnoll sergeant (D:7)
  6 scorpions
  4 wights (D:9)
  21 killer bees
  9 howler monkeys
  A vampire bat (D:3)
  4 bullfrog zombies (Ossuary)
  A jelly (D:5)
  A human zombie (Ossuary)
  4 centaur zombies (Ossuary)
  8 orc priests
  2 hounds
  2 iguanas (D:5)
  Crazy Yiuf (D:3)
  3 scorpion zombies (Ossuary)
  6 orc wizards
  6 hell rats (Lair:2)
  14 gnolls
  3 adders
  3 white imps
  An ufetubus (D:5)
  3 adder zombies (Ossuary)
  A worm (D:2)
  4 dart slugs
  45 orcs
  8 bats
  8 endoplasms
  5 giant cockroaches
  9 goblins
  7 hobgoblins
  3 quokkas
  9 ball pythons
  2 frilled lizards (D:2)
  7 goblin zombies (Ossuary)
  A hobgoblin zombie (Ossuary)
  7 kobolds
  4 orc zombies (Ossuary)
  4 rats
334 creatures vanquished.

Vanquished Creatures (collateral kills)
  4 orc warriors (Bailey)
  2 centaurs
  An orc priest (D:10)
  A gnoll (D:7)
  8 orcs
16 creatures vanquished.

Vanquished Creatures (others)
  11 dancing weapons
11 creatures vanquished.

Grand Total: 361 creatures vanquished

Notes
Turn   | Place    | Note
-------+----------+-------------------------------------------
     0 | D:1      | LynnLen the Spriggan Enchanter began the quest for the Orb.
     0 | D:1      | Reached XP level 1. HP: 9/9 MP: 5/5
   202 | D:1      | Reached XP level 2. HP: 13/13 MP: 6/6
   210 | D:1      | Reached skill level 5 in Stealth
   216 | D:1      | Learned a level 2 spell: Ensorcelled Hibernation
   811 | D:2      | Found a faded altar of an unknown god.
   888 | D:2      | Reached XP level 3. HP: 15/16 MP: 8/8
   892 | D:2      | Learned a level 3 spell: Confusing Touch
  1011 | D:3      | Found a runed translucent door.
  1012 | D:3      | Noticed Crazy Yiuf
  1019 | D:3      | Killed Crazy Yiuf
  1020 | D:3      | Reached skill level 6 in Stealth
  1044 | D:3      | Found a radiant altar of Vehumet.
  1266 | D:3      | Found a hide-covered altar of Uskayaw.
  1392 | D:3      | Reached XP level 4. HP: 7/21 MP: 9/9
  1821 | D:3      | Found a stormy altar of Qazlal.
  2077 | D:3      | Learned a level 3 spell: Tukima's Dance
  2230 | D:2      | Reached skill level 7 in Stealth
  2341 | D:2      | Reached XP level 5. HP: 23/24 MP: 4/10
  2851 | D:4      | Noticed a black bear
  2882 | D:4      | Found a shadowy altar of Dithmenos.
  2893 | D:4      | Reached skill level 5 in Hexes
  2902 | D:4      | Killed a black bear
  2903 | D:4      | Reached skill level 8 in Stealth
  2903 | D:4      | Reached skill level 1 in Ice Magic
  2903 | D:4      | Reached XP level 6. HP: 25/28 MP: 5/11
  2917 | D:4      | Became a worshipper of Dithmenos the Shadowed
  3005 | D:4      | Found Zumis's Tiny Tomes.
  3050 | D:4      | Bought the Quarto of Allies for 80 gold pieces
  3050 | D:4      | Bought the Quarto of Production for 40 gold pieces
  3102 | D:4      | Noticed Sigmund
  3116 | D:4      | Killed Sigmund
  3117 | D:4      | Reached skill level 9 in Stealth
  3117 | D:4      | Reached XP level 7. HP: 23/32 MP: 5/12
  3485 | D:4      | Found a basalt altar of Yredelemnul.
  3920 | D:5      | Entered Level 5 of the Dungeon
  4000 | D:5      | Found an opulent altar of Gozag.
  4035 | D:5      | Found a bloodstained altar of Trog.
  4263 | D:5      | Found a sand-covered staircase.
  4267 | Ossuary  | Entered an ossuary
  4365 | Ossuary  | Reached skill level 10 in Stealth
  4598 | Ossuary  | Reached * piety under Dithmenos
  4867 | Ossuary  | Reached XP level 8. HP: 35/36 MP: 6/13
  5124 | Ossuary  | Noticed a silent spectre
  5127 | Ossuary  | Reached skill level 5 in Short Blades
  5127 | Ossuary  | Reached skill level 11 in Stealth
  5284 | D:5      | Found a burning altar of Makhleb.
  5779 | D:5      | Found a sparkling altar of Nemelex Xobeh.
  5864 | D:6      | Reached ** piety under Dithmenos
  5924 | D:6      | Noticed Maggie
  5956 | D:6      | Killed Maggie
  5957 | D:6      | Reached skill level 12 in Stealth
  6224 | D:6      | Reached XP level 9. HP: 25/39 MP: 9/14
  6227 | D:6      | HP: 1/39 [centaur/arrow (4)]
  6906 | D:6      | Found a staircase to the Ecumenical Temple.
  6951 | D:6      | Noticed Prince Ribbit
  6952 | D:6      | Noticed a komodo dragon
  6957 | D:6      | Killed Prince Ribbit
  6958 | D:6      | Reached skill level 13 in Stealth
  6960 | D:6      | Killed a komodo dragon
  7003 | D:6      | Noticed Edmund
  7046 | D:6      | Killed Edmund
  7839 | D:7      | Reached XP level 10. HP: 38/44 MP: 12/15
  8007 | D:7      | Reached *** piety under Dithmenos
  8162 | D:7      | Reached skill level 14 in Stealth
  8333 | D:7      | Found a shimmering blue altar of Sif Muna.
  8578 | D:7      | Identified the +2 scale mail of the Lich-sworn {rF- Will+
                  | Dex+3}
  8587 | D:7      | Noticed Joseph
  8595 | D:7      | Killed Joseph
  8778 | D:7      | Found a hazy altar of Hepliaklqana.
  9653 | D:8      | Noticed a two-headed ogre
  9658 | D:8      | Killed a two-headed ogre
  9659 | D:8      | Reached skill level 10 in Short Blades
  9659 | D:8      | Reached skill level 15 in Stealth
  9854 | D:9      | Found a flagged portal.
  9858 | Bailey   | Entered a bailey
 10005 | Bailey   | Reached **** piety under Dithmenos
 10118 | Bailey   | Reached skill level 10 in Hexes
 10277 | Bailey   | Learned a level 1 spell: Summon Small Mammal
 10281 | Bailey   | Learned a level 3 spell: Summon Guardian Golem
 10739 | Bailey   | Noticed an orc knight
 10745 | Bailey   | Killed an orc knight
 10746 | Bailey   | Reached skill level 1 in Summonings
 10746 | Bailey   | Reached skill level 1 in Evocations
 10862 | D:9      | Reached skill level 1 in Invocations
 10862 | D:9      | Reached XP level 11. HP: 29/48 MP: 11/16
 10892 | D:9      | Reached skill level 1 in Fighting
 11201 | D:9      | Found a staircase to the Orcish Mines.
 11579 | D:9      | Found an ancient bone altar of Kikubaaqudgha.
 12392 | D:10     | Entered Level 10 of the Dungeon
 12452 | D:10     | Learned a level 4 spell: Summon Lightning Spire
 12546 | D:10     | Reached skill level 5 in Dodging
 13092 | D:10     | Found a white marble altar of Elyvilon.
 13376 | D:11     | Reached skill level 1 in Air Magic
 13415 | D:11     | Found a staircase to the Lair.
 13505 | D:11     | Noticed a deep elf pyromancer
 13511 | D:11     | Killed a deep elf pyromancer
 13803 | D:11     | Reached ***** piety under Dithmenos
 14198 | Lair:1   | Entered Level 1 of the Lair of Beasts
 14205 | Lair:1   | Reached skill level 16 in Stealth
 14217 | Lair:1   | Reached XP level 12. HP: 55/55 MP: 15/20
 14369 | Lair:1   | Noticed Harold
 14386 | Lair:1   | Killed Harold
 14387 | Lair:1   | Reached skill level 5 in Spellcasting
 14725 | Lair:1   | Noticed a seven-headed hydra
 14835 | Lair:1   | Killed a seven-headed hydra
 15288 | Lair:2   | Found a dark tunnel.
 15293 | Volcano  | Entered a volcano
 15309 | Volcano  | Noticed an ogre mage
 15363 | Volcano  | Found a burning altar of Makhleb.
 15364 | Volcano  | Noticed a red draconian
 15370 | Volcano  | Killed an ogre mage
 15442 | Volcano  | Noticed a two-headed ogre
 15442 | Volcano  | Noticed a two-headed ogre
 15442 | Volcano  | Noticed a two-headed ogre
 15477 | Volcano  | Noticed a two-headed ogre
 15477 | Volcano  | Noticed a two-headed ogre
 15477 | Volcano  | Noticed a two-headed ogre
 15487 | Volcano  | Killed a two-headed ogre
 15488 | Volcano  | Reached skill level 5 in Evocations
 15494 | Volcano  | Killed a two-headed ogre
 15495 | Volcano  | Killed a two-headed ogre
 15519 | Volcano  | Killed a two-headed ogre
 15540 | Volcano  | Killed a two-headed ogre
 15555 | Volcano  | Killed a two-headed ogre
 15572 | Volcano  | Killed a red draconian
 15770 | Lair:2   | Found a hole to the Spider Nest.
 15835 | Lair:2   | Reached skill level 5 in Summonings
 16463 | Lair:3   | Found a runed translucent gate.
 16464 | Lair:3   | Found a runed translucent gate.
 16466 | Lair:3   | Found a runed translucent gate.
 16467 | Lair:3   | Noticed BillyBaka's ghost (journeyman VSMo)
 16674 | Lair:3   | Found a frozen archway.
 16675 | Lair:3   | Identified the +8 trident of Ash {holy, *Rage rCorr Str+2
                  | Int+4}
 16684 | Lair:3   | Mangled by a death yak simulacrum

Illustrated notes

Levels and vault maps discovered:
D:1:      matt_arrival_grand_opening, layout_basic
D:2:      layout_basic, hellmonk_ecumenical_altar_pennies_from_heaven,
          chequers_serial_rivers_small_b, minmay_worlds_worst_comb
D:3:      layout_loops_ring, vehumet_altar_wand_db,
          eat_drink_and_be_merry_uskayaw, nicolae_qazlal_eye_of_the_storm,
          roderic_batcave, uniq_crazy_yiuf_cottage
D:4:      layout_layer_cave, nicolae_dithmenos_the_darkroom,
          general_overflow_altar, nicolae_shop_i_like_small_books_too,
          uniq_sigmund
D:5:      layout_basic, amcnicky_altar_gilded, mainiacjoe_overflow_alcove_1,
          mainiacjoe_overflow_large_starburst, serial_curves, eino_curves_03,
          eino_curves_02, eino_curves_03, eino_curves_04,
          nicolae_ossuary_entry_plus, moated_statue
D:6:      wander_river, layout_cave_pods, minmay_temple_entry_offerings,
          kennysheep_nondescript, uniq_maggie, uniq_edmund, uniq_prince_ribbit1
D:7:      layout_loops_cross, nzn_hepliaklqana_mist_gate,
          mainiacjoe_overflow_surrounded_room, uniq_joseph
D:8:      layout_rooms, dk_rats_in_the_wall
D:9:      layout_basic, kiku_gazebo_pond_becter, erik_orc_4,
          serial_co_window_serial, co_window_of_opportunity_a,
          co_window_paths_a, co_window_of_opportunity_a,
          co_window_of_opportunity_a, co_window_of_opportunity_a,
          co_window_of_opportunity_b, co_window_broadway_b, co_window_corner_cb,
          co_window_of_opportunity_b, co_window_broadway_a, glass_columns_a,
          glass_columns_b, enter_bailey_1, hangedman_fish_farm
D:10:     layout_irregular_city, nicolae_elyvilon_temple_path,
          kennysheep_generic_room_8
D:11:     layout_roguey, david_lair_generic
Lair:1:   layout_long_grid, cheibrodos_lair_reptile_den, lemuel_fruit_fields,
          uniq_harold
Lair:2:   layout_hall_layers, dummy_spider_entry, enter_volcano_4
Lair:3:   hellmonk_ruined_rings, layout_hall_layers, elwin_shoals_entry_rooms,
          portal_ice_cave_entry_ice_simulacra, gammafunk_ghost_ooze

Skill      XL: |  1  2  3  4  5  6  7  8  9 10 11 12 |
---------------+-------------------------------------+-----
Stealth        | 5 6 7 8 9 10 12 13 15 16 | 16.5
Hexes          | 4 5 6 7 8 10 11 | 11.4
Short Blades   | 2 3 4 5 8 10 | 10.0
Ice Magic      | 1 2 3 4 |  4.8
Dodging        | 3 6 8 |  8.8
Spellcasting   | 3 4 6 |  6.1
Summonings     | 1 3 5 |  5.1
Evocations     | 1 4 5 |  5.7
Invocations    | 1 3 4 |  4.3
Fighting       | 2 3 |  3.4
Air Magic      | 2 3 |  3.4

Action                     |  1- 3 |  4- 6 |  7- 9 | 10-12 || total
---------------------------+-------+-------+-------+-------++-------
  Melee: Dagger            |   117 |    76 |   337 |   564 ||  1094
         Punch             |     1 |       |     4 |     4 ||     9
   Cast: Tukima's Dance    |       |     5 |    11 |    41 ||    57
         Ensorcelled Hiber |       |    10 |    45 |   112 ||   167
         Confusing Touch   |       |       |    20 |    27 ||    47
 Invoke: Shadow Step       |       |       |       |     1 ||     1
    Use: Scroll            |     2 |     2 |    12 |    13 ||    29
         Potion            |       |     1 |    10 |     5 ||    16
   Stab: Sleeping          |    13 |    16 |    41 |   108 ||   178
         Distracted        |     1 |     2 |       |     2 ||     5
         Confused          |       |       |    12 |    21 ||    33
         Invisible         |       |       |     3 |       ||     3
 Armour: Robe              |    13 |    15 |    36 |    15 ||    79
         Acid dragon scale |       |       |       |     8 ||     8
  Dodge: Dodged            |    71 |    75 |   257 |   292 ||   695
  Block: Other             |       |       |       |    61 ||    61
         Reflection        |       |       |       |     3 ||     3
